 Dungeon Crawl Stone Soup version 0.29-a0-1043-g569b05d6ff (webtiles) character file.

Game seed: 10258874867870266344

60 greasedhog the Trooper (level 4, -5/27 HPs)
             Began as a Gargoyle Chaos Knight on Aug 15, 2022.
             Was a Plaything of Xom.
             Killed from afar by a white imp (10 damage)
             ... with a puff of frost
             ... on level 3 of the Dungeon.
             The game lasted 00:02:35 (1731 turns).

greasedhog the Trooper (Gargoyle Chaos Knight)      Turns: 1731, Time: 00:02:35

Health: -5/27      AC:  8    Str: 16    XL:     4   Next: 6%
Magic:  4/4        EV: 11    Int: 12    God:    Xom [*.....]
Gold:   119        SH:  0    Dex:  9    Spells: 3/3 levels left

rFire   . . .      SeeInvis .   a - +0 mace (chaos)
rCold   . . .      Faith    .   (no shield)
rNeg    + . .      Spirit   .   b - +2 leather armour
rPois   ∞          Reflect  .   (no helmet)
rElec   +          Harm     .   (no cloak)
rCorr   .          Rampage  .   (no gloves)
Will    .....      Rnd*Tele +   (no boots)
Stlth   +.........              (no amulet)
HPRegen 0.09/turn               (no ring)
MPRegen 0.09/turn               (no ring)

@: no status effects
A: sickness immunity, AC +3, negative energy resistance 1, electricity
resistance, torment resistance 1, petrification resistance, frail 1, screaming
1, teleportitis 1, weak 1
a: Renounce Religion


You were on level 3 of the Dungeon.
You worshipped Xom.
You were a special plaything of Xom.
You visited 1 branch of the dungeon, and saw 3 of its levels.

You collected 119 gold pieces.

Inventory:

Hand Weapons
 a - a +0 mace of chaos (weapon)
Armour
 b - a +2 leather armour (worn)
 l - a +0 plate armour
Jewellery
 o - an amulet of reflection
Scrolls
 f - 2 scrolls of vulnerability {unknown}
 j - a scroll of summoning
 m - a scroll of teleportation
 p - a scroll of acquirement {unknown}
 q - a scroll of identify
Potions
 d - a potion of lignification {unknown}
 e - a potion of flight {unknown}
 g - 2 potions of haste {unknown}
 h - a potion of might {unknown}
 i - 2 potions of mutation {unknown}
 k - a potion of attraction {unknown}
 n - a potion of curing {unknown}
Miscellaneous
 c - a piece from Xom's chessboard (15/15) (quivered)


   Skills:
 * Level 4.4 Fighting
 * Level 4.0 Maces & Flails
 - Level 2.1 Armour
 - Level 0.7 Dodging


You had 3 spell levels left.
You didn't know any spells.
Your spell library contained the following spells:

 Spells                   Type           Power      Damage    Failure   Level
 Confusing Touch          Hex            0%         N/A       77%         3
 Yara's Violent Unravell  Hex/Tmut       0%         3d3       100%        5
 Enfeeble                 Hex            0%         N/A       100%        7


Dungeon Overview and Level Annotations

Branches:
Dungeon (3/15)

Altars:


Innate Abilities, Weirdness & Mutations

You are immune to sickness and miasma.
Your stone body is resilient. (AC +3)
You are immune to poison.
You resist negative energy. (rN+)
You are resistant to electric shocks. (rElec)
You are resistant to unholy torment.
You are immune to petrification.
You are frail. (-10% HP)
You occasionally shout uncontrollably at your foes.
You are occasionally teleported next to monsters.
You are weak. (Str -2)


Message History

The rat bites you but does no damage. The white imp closely misses you.
You hit the white imp.
The white imp convulses.
The white imp is heavily wounded.
The white imp closely misses you. The rat bites you.
The rat bites you but does no damage. The white imp gestures at you.
The puff of frost hits you!
You hit the white imp but do no damage.
The white imp is heavily wounded.
The rat bites you but does no damage.
The white imp hits you but does no damage.
You barely miss the white imp.
The white imp is heavily wounded.
The rat bites you but does no damage. The white imp barely misses you.
You hit the white imp but do no damage.
The white imp is heavily wounded.
The rat barely misses you. The white imp gestures at you.
The puff of frost misses you.
A goblin opens the door.
You barely miss the white imp.
The white imp is heavily wounded.
The rat closely misses you. The white imp gestures at you.
The puff of frost hits you.
You hit the white imp.
The white imp is almost dead.
The endoplasm barely misses you.
The white imp hits you but does no damage.
The rat bites you but does no damage. The white imp gestures at you.
The puff of frost hits you!
* * * LOW HITPOINT WARNING * * *
The endoplasm hits you but does no damage.
The rat closely misses you.
You barely miss the white imp.
The white imp is almost dead.
The endoplasm closely misses you. The white imp gestures at you.
The puff of frost hits you!
You die...

#########.#
#.........#
#.........#
#.........#
#.........#
#.........###
#..5........#
#
#...@r......#
#
#...gJ......#
#.........###
#.............
######'##.....
.. .... ..'
... ..#. .. .


You could see a white imp, an endoplasm, a goblin and a rat.

Vanquished Creatures
  2 dart slugs
  6 bats
  5 endoplasms
  A giant cockroach (D:2)
  7 goblins
  2 hobgoblins (D:1)
  4 quokkas
  4 ball pythons
  3 frilled lizards (D:1)
  7 kobolds
  10 rats
51 creatures vanquished.

Vanquished Creatures (others)
  A hobgoblin (D:2)
1 creature vanquished.

Grand Total: 52 creatures vanquished

Notes
Turn   | Place    | Note
-------+----------+-------------------------------------------
     0 | D:1      | greasedhog the Gargoyle Chaos Knight began the quest for
                  | the Orb.
     0 | D:1      | Reached XP level 1. HP: 14/14 MP: 1/1
   161 | D:1      | Reached XP level 2. HP: 19/19 MP: 2/2
   207 | D:1      | XOM: divination: detect creatures
   617 | D:1      | Reached XP level 3. HP: 23/24 MP: 3/3
   635 | D:1      | XOM: silly message
   741 | D:1      | XOM: give mutations
   741 | D:1      | Gained mutation: You occasionally shout uncontrollably at
                  | your foes. [Xom's mischief]
   741 | D:1      | Gained mutation: You are occasionally teleported next to
                  | monsters. [Xom's mischief]
   741 | D:1      | Gained mutation: You are weak. (Str -2) [Xom's mischief]
   741 | D:1      | Gained mutation: You are frail. (-10% HP) [Xom's mischief]
   979 | D:2      | XOM: silly message
  1227 | D:2      | XOM: smoke on damage
  1558 | D:2      | Reached XP level 4. HP: 27/27 MP: 4/4
  1731 | D:3      | Killed from afar by a white imp

Illustrated notes

Levels and vault maps discovered:
D:1:      kennysheep_arrival_seaside, layout_loops_ring
D:2:      layout_rooms, minmay_rat_gold_closets
D:3:      layout_basic, mainiacjoe_overflow_boulevard,
          hellmonk_ecumenical_altar_slurped_away

Skill      XL: |  1  2  3  4 |
---------------+-------------+-----
Fighting       | 4 |  4.4
Maces & Flails | 4 |  4.0
Armour         | |  2.1
Dodging        | |  0.7

Action                   |  1- 3 |  4- 6 || total
-------------------------+-------+-------++-------
Melee: Mace              |   121 |    14 ||   135
       Punch             |     1 |     1 ||     2
  Use: Scroll            |     3 |       ||     3
Armor: Leather armour    |    62 |     9 ||    71
Dodge: Dodged            |    67 |    13 ||    80

Table legend: (Time is in decaauts)
 A = Elapsed time spent in this place.
 B = Non-inter-level travel time spent in this place.
 C = Inter-level travel time spent in this place.
 D = Time resting spent in this place.
 E = Time spent auto-exploring this place.
 F = Levels seen in this place.
 G = Mean time per level.
                   A        B        C        D        E       F      G
               +--------+--------+--------+--------+--------+-----+--------+
         Total |   1763 |   1704 |     59 |      0 |   1342 |   3 |  587.7 |
       Dungeon |   1763 |   1704 |     59 |      0 |   1342 |   3 |  587.7 |
               +--------+--------+--------+--------+--------+-----+--------+

Top non-repeatable levels by time:
     D:1: 891 daAuts
     D:2: 740 daAuts
     D:3: 131 daAuts
